 Dungeon Crawl Stone Soup version 0.31.0-9-g3a7656b989 (webtiles) character file.

Game seed: 12841989899939611196

79 qw the Shooter (level 4, -3/22 HPs)
             Began as a Spriggan Hunter on Feb 2, 2024.
             Splashed by a jelly's acid (6 damage)
             ... on level 2 of the Dungeon.
             The game lasted 00:00:03 (1078 turns).

qw the Shooter (Spriggan Hunter)                    Turns: 1078, Time: 00:00:04

Health: -3/22      AC: -2    Str:  7    XL:     4   Next: 17%
Magic:  5/5        EV: 19    Int: 10    God:
Gold:   38         SH:  0    Dex: 20    Spells: 3/3 levels left

rFire   . . .        a - +0 shortbow
rCold   . . .        (shield currently unavailable)
rNeg    . . .        c - +0 robe
rPois   .            (helmet restricted)
rElec   .            (no cloak)
rCorr   .            (gloves unavailable)
SInv    +            (boots unavailable)
Will    +....        (no amulet)
Stlth   ++           e - ring of willpower
HPRegen 0.23/turn    (no ring)
MPRegen 0.09/turn

%: no passive effects
@: corroded, very quick
A: very small, no large weapons, unfitting armour, see invisible, speed 3,
mutation resistance 1
a: no special abilities


You were on level 2 of the Dungeon.
You visited 1 branch of the dungeon, and saw 2 of its levels.

You collected 38 gold pieces.


Innate Abilities, Weirdness & Mutations

You are very small and have problems with some larger weapons.
You are too small for most types of armour.
You have supernaturally acute eyesight. (SInv)
You cover ground extremely quickly. (Speed+++)
You are somewhat resistant to further mutation.


   Skills:
 - Level 1.5 Fighting
 - Level 5.2 Ranged Weapons
 + Level 4.0 Dodging
 - Level 1.5 Stealth


You had 3 spell levels left.
You didn't know any spells.
Your spell library was empty.

Inventory:

Hand Weapons
 a - a +0 shortbow (weapon)
Armour
 c - a +0 robe (worn)
Jewellery
 e - a ring of willpower (left hand)
Scrolls
 b - a scroll of silence {unknown}
 h - a scroll of identify {unknown}
 i - a scroll of blinking {unknown}
Potions
 d - a potion of might {unknown}
 f - a potion of attraction {unknown}
 g - a potion of mutation

Dungeon Overview and Level Annotations

Branches:
Dungeon (2/15)

Altars:
Ashenzari
Makhleb
Uskayaw
Zin
The Shining One


Message History

You shoot an arrow. The arrow hits the endoplasm!
You kill the endoplasm!
You shoot an arrow. The arrow hits the endoplasm.
The endoplasm is lightly wounded.
A nearby fungus withers and dies.
The endoplasm completely misses you.
You shoot an arrow. The arrow hits the endoplasm.
The endoplasm is almost dead.
The endoplasm hits you.
You shoot an arrow. The arrow hits the endoplasm!
You kill the endoplasm! 2 jellies and 2 endoplasms come into view.
Found a goblin skeleton, two rat skeletons and a metallic brown potion.
Found five altars.
There is an open door here.
The endoplasm quivers. x2
You shoot an arrow. The arrow hits the endoplasm.
The endoplasm is severely wounded.
The jelly quivers.
You shoot an arrow. The arrow hits the jelly!
The jelly is heavily wounded.
You shoot an arrow. The arrow hits the jelly.
The jelly is severely wounded.
The endoplasm hits the toadstool.
The toadstool is destroyed!
The jelly hits you. The acid corrodes you!
You are splashed with acid!
You shoot an arrow. The arrow hits the jelly.
The jelly is almost dead.
The jelly jiggles.
The jelly closely misses you.
You shoot an arrow. The arrow hits the jelly.
You kill the jelly!
Your Ranged Weapons skill increases to level 5!
You have reached level 4!
You shoot an arrow. The arrow hits the endoplasm!
You kill the endoplasm!
The jelly hits you.
You are splashed with acid.
You shoot an arrow.
The arrow hits the jelly but does no damage.
The jelly hits you.
You are splashed with acid.
You die...

#......|##...#.#[#
#.......##.#..<..#
#.......##.#######
#.......##......).
#....#############
#....'..##
########.#
##.....)##
#@#######
#.JJ.._...
#..._.....
#%P.P.....
#.P._.P..%
#..%.._...
#.P._%_.P!
##########


You could see a jelly and an endoplasm.

Vanquished Creatures
  A jelly (D:2)
  A dart slug (D:1)
  2 ball pythons (D:1)
  4 bats
  6 endoplasms (D:2)
  4 giant cockroaches
  6 goblins
  4 hobgoblins
  11 kobolds
  A rat (D:2)
40 creatures vanquished.

Notes
Turn   | Place    | Note
-------+----------+-------------------------------------------
     0 | D:1      | qw the Spriggan Hunter began the quest for the Orb.
     0 | D:1      | Reached XP level 1. HP: 10/10 MP: 2/2
     0 | D:1      | 0 ||| qw: Version: 0.3-a-155-g5e7d8dd
     0 | D:1      | 0 ||| qw: Game counter: 2504
     0 | D:1      | 0 ||| qw: Melee chars always use a shield: true
     0 | D:1      | 0 ||| qw: God list: Okawaru
     0 | D:1      | 0 ||| qw: Allow faded altars: false
     0 | D:1      | 0 ||| qw: Do Orc after clearing Dungeon:15 true
     0 | D:1      | 0 ||| qw: Do second Lair branch before Depths: true
     0 | D:1      | 0 ||| qw: Lair rune preference: random
     0 | D:1      | 0 ||| qw: Goals: Normal
     0 | D:1      | 0 ||| PLANNING D:1-11
     8 | D:1      | Reached skill level 3 in Dodging
    36 | D:1      | 36 ||| DROPPING +2 sling of electrocution.
   149 | D:1      | Reached XP level 2. HP: 14/14 MP: 3/3
   158 | D:1      | Found a faded altar of an unknown god.
   678 | D:1      | 678 ||| UPGRADING to ring of willpower.
   679 | D:1      | 679 ||| READING scroll labelled SOBIFOU YSYTY.
   679 | D:1      | 679 ||| ENCHANTING +0 shortbow.
   680 | D:1      | 680 ||| READING scroll labelled QAISIPN XEGH.
   681 | D:1      | 681 ||| DRINKING 2 golden potions.
   681 | D:1      | Gained mutation: You are somewhat resistant to further
                  | mutation. [potion of mutation]
   682 | D:1      | 682 ||| DROPPING scroll of butterflies.
   748 | D:2      | Reached XP level 3. HP: 18/18 MP: 4/4
   932 | D:2      | HP: 4/18 [kobold/+0 dagger (2)]
  1070 | D:2      | Found a glowing golden altar of the Shining One.
  1070 | D:2      | Found a hide-covered altar of Uskayaw.
  1070 | D:2      | Found a burning altar of Makhleb.
  1070 | D:2      | Found a broken altar of Ashenzari.
  1070 | D:2      | Found a glowing silver altar of Zin.
  1070 | D:2      | Found a glowing golden altar of the Shining One.
  1077 | D:2      | Reached skill level 5 in Ranged Weapons
  1077 | D:2      | Reached XP level 4. HP: 12/22 MP: 5/5
  1078 | D:2      | HP: 3/22 [jelly (3)]
  1078 | D:2      | Splashed by a jelly's acid

Levels and vault maps discovered:
D:1:      matt_arrival_grand_opening, layout_loops_cross,
          dreamdust_ecumenical_altar_grove
D:2:      cheibrodos_fertilizer, layout_basic, serial_shops,
          nicolae_shop_competitors_out_of_business

Skill      XL: |  1  2  3 |
---------------+----------+-----
Dodging        | 3 4 |  4.0
Ranged Weapons | 5 |  5.2
Fighting       | |  1.5
Stealth        | |  1.5

Action                     |  1- 3 |  4- 6 || total
---------------------------+-------+-------++-------
   Fire: Shortbow          |   109 |     2 ||   111
    Use: Scroll            |     2 |       ||     2
         Potion            |     1 |       ||     1
 Armour: Robe              |    26 |     2 ||    28
  Dodge: Dodged            |    46 |       ||    46

Table legend:
 A = Non-vault XP
 B = Vault XP
 C = Vault XP percentage of total XP
 D = Non-vault monster count
 E = Vault monster count
 F = Vault count percentage of total count
                 A         B        C        D         E       F
            +---------+---------+-------+---------+---------+-------
      Total |      52 |      62 |  54.4 |      28 |      12 |  30.0
            +---------+---------+-------+---------+---------+-------
        D:1 |      38 |       0 |   0.0 |      20 |       0 |   0.0
        D:2 |      14 |      62 |  81.6 |       8 |      12 |  60.0
            +---------+---------+-------+---------+---------+-------
